 Dungeon Crawl Stone Soup version 0.25-a0-492-g44cc58d149 (webtiles) character file.

Game seed: 16139518371125048858, levelgen mode: deterministic

18 mopl the Slasher (level 2, 0/18 HPs)
             Began as a Tengu Warper on Feb 11, 2020.
             Slain by a jackal (1 damage)
             ... on level 1 of the Dungeon.
             The game lasted 00:00:38 (70 turns).

mopl the Slasher (Tengu Warper)                       Turns: 70, Time: 00:00:38

Health: 0/18       AC:  3    Str: 11    XL:     2   Next: 66%
Magic:  6/6        EV: 12    Int: 13    God:
Gold:   6          SH:  0    Dex: 13    Spells: 5/5 levels left

rFire    . . .     SeeInvis .   a - +0 falchion
rCold    . . .     Gourm    .   (no shield)
rNeg     . . .     Faith    .   b - +0 leather armour
rPois    .         Spirit   .   (helmet restricted)
rElec    .         Reflect  .   (no cloak)
rCorr    .         Harm     .   (no gloves)
MR       .....                  (boots unavailable)
Stlth    +.........             (no amulet)
HPRegen  0.06/turn              (no ring)
MPRegen  0.10/turn              (no ring)

@: no status effects
A: beak, talons 3
a: no special abilities


You were on level 1 of the Dungeon.
You were not hungry.

You visited 1 branch of the dungeon, and saw 1 of its levels.

You collected 6 gold pieces.

Inventory:

Hand Weapons
 a - a +0 falchion (weapon)
Missiles
 e - 5 boomerangs of dispersal (quivered)
Armour
 b - a +0 leather armour (worn)
Scrolls
 c - a scroll of magic mapping {unknown}
 d - a scroll of blinking
Comestibles
 f - 2 rations


   Skills:
 + Level 2.4 Fighting
 * Level 3.1 Long Blades
 - Level 1.0 Throwing
 - Level 1.1 Armour
 - Level 2.1 Dodging
 - Level 2.0 Spellcasting
   Level 2.4 Translocations


You had 5 spell levels left.
You didn't know any spells.
Your spell library contained the following spells:

 Spells                   Type           Power        Failure   Level  Hunger
 Blink                    Tloc           N/A          19%         2    ###....
 Shroud of Golubria       Chrm/Tloc      #.....       30%         2    ###....
 Gell's Gravitas          Tloc           #.........   36%         3    ####...
 Lesser Beckoning         Tloc           #.........   36%         3    ####...
 Teleport Other           Tloc           #.......     36%         3    ####...
 Passage of Golubria      Tloc           N/A          77%         4    #####..


Dungeon Overview and Level Annotations

Branches:
Dungeon (1/15)

Altars:


Innate Abilities, Weirdness & Mutations

You have a beak for a mouth.
You have claws for feet.


Message History

The jackal closely misses you.
You barely miss the jackal.
The jackal is moderately wounded.
The goblin shouts!
The jackal barely misses you.
You riposte.
You slash the jackal!
You kill the jackal!
A hobgoblin comes into view. It is wielding a +0 club.
The jackal bites you but does no damage.
The hobgoblin shouts!
You hit the jackal.
The jackal is severely wounded.
The jackal closely misses you.
You riposte.
You slash the jackal!
You kill the jackal!
The jackal bites you.
* * * LOW HITPOINT WARNING * * *
The jackal bites you but does no damage.
The goblin hits you with a +0 club.
* * * LOW HITPOINT WARNING * * *
The jackal bites you.
You die...

#...#......>#........
#...###...###........
##.............#.....
#..†..........#.....
###...###...###.....
#...# .###.......
#...# ..##...##
###.## #.......#
#@h###.......#
##gg.#...(...#
###g....#.###
#.†##...# ....# #$.#
#..#.# .h.. ##...#
.... ##..# ... ....
...


You could see a jackal, a hobgoblin and 2 goblins.

Vanquished Creatures
  An ooze (D:1)
  A bat (D:1)
  7 jackals (D:1)
  3 rats (D:1)
12 creatures vanquished.

Notes
Turn   | Place    | Note
-------+----------+-------------------------------------------
     0 | D:1      | mopl the Tengu Warper began the quest for the Orb.
     0 | D:1      | Reached XP level 1. HP: 12/12 MP: 4/4
    46 | D:1      | Reached XP level 2. HP: 15/17 MP: 6/6
    62 | D:1      | Reached skill level 3 in Long Blades
    70 | D:1      | Slain by a jackal

Levels and vault maps discovered:
D:1:      minmay_arrival_open_corners, layout_rooms

Skill      XL: |  1  2 |
---------------+-------+-----
Long Blades    | 3 |  3.1
Fighting       | |  2.4
Throwing       | |  1.0
Armour         | |  1.1
Dodging        | |  2.1
Spellcasting   | |  2.0
Translocations | |  2.4

Action                   || total
-------------------------++-------
Melee: Falchion          ||    23
       Peck              ||     3
       Kick              ||     6
Armor: Leather armour    ||     9
Dodge: Dodged            ||    18
       Rpst.: Falchion   ||     7

Table legend:
 A = Non-vault XP
 B = Vault XP
 C = Vault XP percentage of total XP
 D = Non-vault monster count
 E = Vault monster count
 F = Vault count percentage of total count
                 A         B        C        D         E       F
            +---------+---------+-------+---------+---------+-------
      Total |      26 |       0 |   0.0 |      12 |       0 |   0.0
            +---------+---------+-------+---------+---------+-------
        D:1 |      26 |       0 |   0.0 |      12 |       0 |   0.0
            +---------+---------+-------+---------+---------+-------
